AoeStats
← CLOUS

Arabia

505994468Analyzed
1v1 RM · 20d ago on Sep 12, 2026· 47m 48s· 2 players
Game mode
Random Map
Map size
Tiny (2 player)
Population
200
Speed
Normal
Resources
Standard
Victory
Conquest
Starting age
Dark Age
Ending age
Imperial Age
RankedLock teamsTeams togetherTeam positionsShared explorationLock speedFull tech treeHidden civsTurbo modeCheats
Victory
Defeat
🇦🇷 Portuguese · Argentina
1357
+14
🇺🇸 Burgundians · United States
1321
-14
TRX
6:44 Loom
9:20 Feudal Age
9:29 Double-Bit Axe
16:13 Padded Archer Armor
21:50 Castle Age
20:29 Bow Saw
21:51 Scale Barding Armor
21:57 Forging
22:03 Cavalier
23:45 Husbandry
26:22 Chain Barding Armor
26:46 Horse Collar
37:43 Wheelbarrow
39:38 Squires
40:19 Iron Casting
41:35 Hand Cart
47:10 Town Watch
CLOUS
6:28 Loom
9:24 Feudal Age
12:05 Double-Bit Axe
15:36 Fletching
18:55 Horse Collar
23:28 Castle Age
22:14 Bloodlines
23:08 Scale Barding Armor
24:10 Forging
23:32 Crossbowman
24:08 Bodkin Arrow
25:20 Bow Saw
25:08 Gold Mining
26:09 Wheelbarrow
25:19 Town Watch
26:43 Pikeman
27:25 Scale Mail Armor
33:06 Heavy Plow
33:48 Iron Casting
33:30 Chain Mail Armor
34:34 Husbandry
38:14 Arson
38:30 Padded Archer Armor
Connection lost

Rejoining the realm…

Still unreachable

The connection could not be restored.

Session expired

The server has moved on; the page needs a fresh start.